 Dungeon Crawl Stone Soup version 0.18.1-5-g4a78601 (webtiles) character file.

8 Romlok the Caller (level 2, 0/28 HPs)
             Began as an Ogre Summoner on May 14, 2016.
             Slain by a kobold
             ... wielding a +3 vampiric short sword
              (5 damage)
             ... on level 1 of the Dungeon.
             The game lasted 00:04:30 (190 turns).

Romlok the Caller (Ogre Summoner)                    Turns: 190, Time: 00:04:30

Health: 0/28       AC:  3    Str: 12    XL:     2   Next: 8%
Magic:  3/5        EV: 10    Int: 14    God:
Gold:   40         SH:  0    Dex: 10    Spells: 1 memorised, 4 levels left

rFire  . . .     SeeInvis .     f - +0 club
rCold  . . .     Gourm    .     a - +0 robe
rNeg   . . .     Faith    .     (no shield)
rPois  .         Spirit   .     (helmet restricted)
rElec  .         Dismiss  .     (no cloak)
rCorr  .         Reflect  .     (gloves unavailable)
SustAt .         Harm     .     (boots unavailable)
MR     .....                    (no amulet)
Stlth  +.........               (no ring)
                                (no ring)

@: very slightly contaminated, not resistant to hostile enchantments, very
unstealthy
A: unfitting armour, tough skin 1
a: no special abilities


You were on level 1 of the Dungeon.
You were not hungry.

You visited 1 branch of the dungeon, and saw 1 of its levels.

You collected 40 gold pieces.

Inventory:

Hand Weapons
 f - a +0 club (weapon)
Missiles
 h - 9 stones (quivered)
Armour
 a - a +0 robe (worn)
Scrolls
 d - a scroll of enchant armour {unknown}
 e - a scroll of teleportation {unknown}
Books
 b - a book of Callings

   Spells                             Type                      Level
   a - Summon Small Mammal            Summoning                    1
   b - Call Imp                       Summoning                    2
   c - Call Canine Familiar           Summoning                    3
   d - Summon Guardian Golem          Hexes/Summoning              3
   e - Summon Lightning Spire         Summoning/Air                4
   f - Summon Ice Beast               Ice/Summoning                4
Comestibles
 c - a bread ration
 g - 6 chunks of flesh


   Skills:
 + Level 2.0 Fighting
 * Level 0.6 Maces & Flails
 - Level 1.7 Dodging
 - Level 1.5 Stealth
 - Level 2.4 Spellcasting
 - Level 2.9 Summonings


You had 4 spell levels left.
You knew the following spells:

 Your Spells              Type           Power        Failure   Level  Hunger
a - Summon Small Mammal   Summ           ##..         10%         1    #......


Dungeon Overview and Level Annotations

Branches:
Dungeon (1/15)

Altars:


Innate Abilities, Weirdness & Mutations

You are too large for most types of armour.
You have tough skin (AC +1).


Message History

You miscast Summon Small Mammal.
You are very lightly contaminated with residual magic.
You feel a strange surge of energy!
The kobold hits you with a vampiric short sword.
* * * LOW HITPOINT WARNING * * *
The kobold throws a stone.
The stone barely misses you.
Casting: Summon Small Mammal
Confirm with . or Enter, or press ? or * to list all spells.
You see here a stone.
You swap places.
Something hits your rat.
Your rat dies!
Your rat's corpse disappears in a puff of smoke!
Casting: Summon Small Mammal
Confirm with . or Enter, or press ? or * to list all spells.
Your rat closely misses the kobold.
You closely miss the kobold. The kobold hits you but does no damage.
Your rat closely misses the kobold.
You closely miss the kobold.
The kobold hits you with a vampiric short sword.
You die...

.####.##...............#.
.......#.................
.........................
.................#..###..
.......###.#.#...#.......
........#..#...........!.
.........................
.......#.......r(.......s
>......#...#...K@.#.....
.......#...##.###.#..!..
######)...###(.#..# . . #
#....### ##.(.##
####....# ##..# #...#..#
#.... ##)#...## .....>#
......## ##.###.# ......#
..# ..#


You could see a kobold and a friendly rat.

Vanquished Creatures
  A giant cockroach (D:1)
  A goblin (D:1)
  A hobgoblin (D:1)
  3 kobolds (D:1)
  2 rats (D:1)
8 creatures vanquished.

Vanquished Creatures (collateral kills)
  A goblin (D:1)
1 creature vanquished.

Grand Total: 9 creatures vanquished

Notes
Turn   | Place    | Note
--------------------------------------------------------------
     0 | D:1      | Romlok the Ogre Summoner began the quest for the Orb.
     0 | D:1      | Reached XP level 1. HP: 16/16 MP: 3/3
    58 | D:1      | Reached skill level 1 in Fighting
   115 | D:1      | Reached XP level 2. HP: 26/28 MP: 5/5
   190 | D:1      | Slain by a kobold

Skill      XL: |  1  2 |
---------------+-------+-----
Fighting       | 1 2 |  2.0
Maces & Flails | |  0.6
Dodging        | |  1.7
Stealth        | |  1.5
Spellcasting   | |  2.4
Summonings     | |  2.9

Action                   || total
-------------------------++-------
Melee: Unarmed           ||    13
       Club              ||    17
 Cast: Summon Small Mamm ||     3
 Stab: Distracted        ||     1
Armor: Robe              ||     3
Dodge: Dodged            ||    22
